 Dungeon Crawl Stone Soup version 0.32-a0-834-geaf45d8e21 (webtiles) character file.

Game seed: 18332144835385221783

1257 porpoise the Slicer (level 8, -8/51 HPs)
             Began as a Tengu Fighter on Mar 25, 2024.
             Splashed by a jelly's acid (9 damage)
             ... on level 5 of the Dungeon.
             The game lasted 00:13:27 (4797 turns).

porpoise the Slicer (Tengu Fighter)                 Turns: 4797, Time: 00:13:28

Health: -8/51      AC:  0    Str: 13 (16) XL:     8   Next: 51%
Magic:  9/9        EV: 11    Int:  8 (9)  God:
Gold:   226        SH:  6    Dex: 15 (16) Spells: 7/7 levels left

rFire   + . .        a - +0 dagger (drain)
rCold   + . .        c - +1 buckler
rNeg    . . .        b - +0 scale mail
rPois   .            (helmet restricted)
rElec   .            (no cloak)
rCorr   .            D - +0 pair of gloves
SInv    .            (boots unavailable)
Will    .....        (no amulet) Stlth
                     p - ring of protection from cold
HPRegen 0.28/turn    l - ring of protection from fire
MPRegen 0.11/turn

%: acrobat
@: corroded, flying
A: beak, talons 3, evasive flight, acrobatic
a: no special abilities


You were on level 5 of the Dungeon.
You visited 1 branch of the dungeon, and saw 5 of its levels.

You collected 226 gold pieces.

Inventory:

Hand Weapons
 a - a +0 dagger of draining (weapon)
 g - a +0 rapier
Missiles
 o - a throwing net
 x - 9 boomerangs (quivered)
Armour
 b - a +0 scale mail (worn)
 c - a +1 buckler (worn)
 i - a +0 ring mail
 D - a +0 pair of gloves (worn)
Jewellery
 e - a ring of positive energy
 l - a ring of protection from fire (right hand)
 p - a ring of protection from cold (left hand)
 r - a ring of flight
 y - an amulet of faith
Wands
 d - a wand of flame (17)
 n - a wand of roots (3)
Scrolls
 h - a scroll of poison
 j - a scroll of enchant armour
 q - a scroll of fear {unknown}
 t - a scroll of torment {unknown}
 w - a scroll of teleportation {unknown}
 z - 2 scrolls of revelation
 C - a scroll of acquirement {unknown}
Potions
 f - a potion of resistance
 k - 3 potions of lignification
 m - a potion of cancellation
 s - a potion of mutation
 u - a potion of attraction
 B - 2 potions of curing


   Skills:
 + Level 6.1 Fighting
 * Level 8.4 Short Blades
 - Level 3.2 Armour
 - Level 5.0 Shields


You had 7 spell levels left.
You didn't know any spells.
Your spell library contained the following spells:

 Spells                   Type           Power      Damage    Failure   Level
 Summon Small Mammal      Summ           0%         N/A       95%         1
 Call Canine Familiar     Summ           0%         N/A       100%        3
 Animate Armour           Summ/Erth      0%         N/A       100%        4
 Leda's Liquefaction      Alch/Erth      0%         N/A       100%        4
 Petrify                  Alch/Erth      0%         N/A       100%        4
 Summon Blazeheart Golem  Fire/Summ      0%         N/A       100%        4
 Summon Lightning Spire   Summ/Air       0%         N/A       100%        4
 Lee's Rapid Deconstruct  Erth           0%         3d4*      100%        5
 Metabolic Englaciation   Hex/Ice        0%         N/A       100%        5


Dungeon Overview and Level Annotations

Branches:
Dungeon (5/15)
 Temple: D:4-7

Altars:


Innate Abilities, Weirdness & Mutations

You have a beak for a mouth.
You have claws for feet.
Your magical flight helps you evade attacks. (EV +4)
You can magically evade attacks while moving or waiting.


Message History

You closely miss the lemure.
The lemure is lightly wounded.
The jelly closely misses you. The lemure hits you but does no damage.
You closely miss the lemure. You claw the lemure. Your peck misses the lemure.
The lemure is lightly wounded.
You closely miss the lemure.
The lemure is lightly wounded.
The jelly jiggles.
The jelly misses you. The lemure hits you.
* * * LOW HITPOINT WARNING * * *
You completely miss the lemure.
The lemure is lightly wounded.
You hit the lemure but do no damage. You claw the lemure.
Your peck misses the lemure.
The lemure is moderately wounded.
The jelly closely misses you. The lemure barely misses you.
You hit the lemure but do no damage. Your kick misses the lemure.
The lemure is moderately wounded.
You block the jelly's attack. The lemure hits you.
* * * LOW HITPOINT WARNING * * *
You barely miss the lemure. Your kick misses the lemure.
Your peck misses the lemure.
The lemure is moderately wounded.
You barely miss the lemure. You claw the lemure.
You peck the lemure, but do no damage.
The lemure is moderately wounded.
The jelly closely misses you. The lemure hits you.
* * * LOW HITPOINT WARNING * * *
You closely miss the lemure.
The lemure is moderately wounded.
The jelly hits you but does no damage. The lemure hits you.
* * * LOW HITPOINT WARNING * * *
You hit the lemure. You claw the lemure.
The lemure is heavily wounded.
You hit the lemure but do no damage.
The lemure is heavily wounded.
The jelly hits you.
* * * LOW HITPOINT WARNING * * *
The acid corrodes you!
You are splashed with acid!
You die...

.# # ##########.#
.# . ........<#.#
##.# #.
.#####....# ...#
... ..##.####
....+ ....
#.#...####....#
.....##.###......#
.....:J..........+
###@####.....#
##5####.....#
##.##55w.[......#
.................#
....##......######
..# #......# .
.............
.............#
.........[....#


You could see 2 lemures, a jelly, a dart slug and an ufetubus.

Vanquished Creatures
  Grinder (D:3)
  Sigmund (D:2)
  Eustachio (D:4)
  Menkaure (D:4)
  2 lemures (D:5)
  A scorpion (D:5)
  2 howler monkeys
  2 orc priests (D:4)
  2 bombardier beetles (D:4)
  A hound (D:4)
  2 jellies (D:4)
  Jessica (D:2)
  2 orc wizards (D:3)
  Natasha (D:1)
  4 adders
  4 gnolls
  An ufetubus (D:5)
  5 ribbon worms
  11 orcs
  4 ball pythons
  8 endoplasms
  A giant cockroach (D:2)
  6 goblins
  5 hobgoblins
  5 kobolds
  3 quokkas
  3 frilled lizards
  11 rats
91 creatures vanquished.

Notes
Turn   | Place    | Note
-------+----------+-------------------------------------------
     0 | D:1      | porpoise the Tengu Fighter began the quest for the Orb.
     0 | D:1      | Reached XP level 1. HP: 14/14 MP: 2/2
   425 | D:1      | Reached XP level 2. HP: 19/19 MP: 3/3
  1143 | D:2      | Noticed Jessica
  1145 | D:2      | Noticed Natasha
  1157 | D:1      | Killed Natasha
  1158 | D:1      | Reached skill level 3 in Short Blades
  1158 | D:1      | Reached XP level 3. HP: 8/23 MP: 4/4
  1222 | D:2      | Killed Jessica
  1223 | D:2      | Reached XP level 4. HP: 28/28 MP: 5/5
  1453 | D:2      | Noticed Sigmund
  1466 | D:2      | Killed Sigmund
  1467 | D:2      | Reached skill level 5 in Short Blades
  1467 | D:2      | Reached XP level 5. HP: 33/33 MP: 6/6
  1467 | D:2      | Reached XP level 6. HP: 38/38 MP: 7/7
  2177 | D:3      | Noticed Grinder
  2227 | D:3      | Killed Grinder
  2228 | D:3      | Reached skill level 6 in Short Blades
  2228 | D:3      | Gained mutation: Your magical flight helps you evade
                  | attacks. (EV +4) [Tengu growth]
  2228 | D:3      | Reached XP level 7. HP: 38/44 MP: 8/8
  3104 | D:4      | Noticed Eustachio
  3133 | D:4      | Killed Eustachio
  3134 | D:4      | Reached skill level 5 in Fighting
  3134 | D:4      | Reached skill level 5 in Shields
  3501 | D:4      | Reached skill level 7 in Short Blades
  3513 | D:4      | Reached XP level 8. HP: 48/49 MP: 9/9
  3902 | D:4      | Noticed Menkaure
  3913 | D:4      | Killed Menkaure
  3952 | D:4      | Reached skill level 8 in Short Blades
  4556 | D:5      | Entered Level 5 of the Dungeon
  4795 | D:5      | HP: 2/51 [lemure[Pikel] (4)]
  4797 | D:5      | Splashed by a jelly's acid

Illustrated notes

Levels and vault maps discovered:
D:1:      psy_arrival_radial02, layout_basic
D:2:      layout_basic, serial_curves, eino_curves_02, eino_curves_01,
          minmay_heptomino_h4, uniq_natasha, uniq_sigmund, uniq_jessica
D:3:      layout_loops_ring, uniq_grinder
D:4:      layout_loops_corners, serial_aquarium, aquarium_bridge_island_small
          [aquarium_subvault_small_water, aquarium_subvault_wall,
          aquarium_subvault_bridge, aquarium_subvault_window,
          aquarium_subvault_bridge], aquarium_window_fake, aquarium_window_1,
          aquarium_window_corridor_3, aquarium_window_1, aquarium_view_2e,
          aquarium_view_2g, aquarium_pool_1, kennysheep_path_1,
          nicolae_wormholes, uniq_eustachio, uniq_menkaure
D:5:      layout_basic, minmay_temple_entry_fiery, uniq_pikel, uniq_ijyb

Skill      XL: |  1  2  3  4  5  6  7  8 |
---------------+-------------------------+-----
Short Blades   | 3 5 6 7 8 |  8.4
Fighting       | 4 5 6 |  6.1
Shields        | 4 5 |  5.0
Armour         | |  3.2

Action                     |  1- 3 |  4- 6 |  7- 9 || total
---------------------------+-------+-------+-------++-------
  Melee: Rapier            |    15 |       |       ||    15
         Kick              |     8 |    15 |    70 ||    93
         Dagger            |    23 |    75 |   219 ||   317
         Peck              |     2 |    10 |    46 ||    58
  Throw: Throwing net      |       |     2 |       ||     2
         Boomerang         |       |     1 |     9 ||    10
  Evoke: Wand              |       |     5 |     8 ||    13
    Use: Potion            |       |     2 |     4 ||     6
         Scroll            |       |     2 |     5 ||     7
   Stab: Held in net/web   |       |     2 |       ||     2
 Armour: Scale mail        |    19 |    30 |    91 ||   140
  Dodge: Dodged            |    11 |    17 |   123 ||   151
  Block: Buckler           |     6 |    13 |    57 ||    76

Table legend: (Time is in decaauts)
 A = Elapsed time spent in this place.
 B = Non-inter-level travel time spent in this place.
 C = Inter-level travel time spent in this place.
 D = Time resting spent in this place.
 E = Time spent auto-exploring this place.
 F = Levels seen in this place.
 G = Mean time per level.
                   A        B        C        D        E       F      G
               +--------+--------+--------+--------+--------+-----+--------+
         Total |   4712 |   4630 |     82 |   1276 |   2649 |   5 |  942.4 |
       Dungeon |   4712 |   4630 |     82 |   1276 |   2649 |   5 |  942.4 |
               +--------+--------+--------+--------+--------+-----+--------+

Top non-repeatable levels by time:
     D:4: 1732 daAuts
     D:1: 1215 daAuts
     D:3: 784 daAuts
     D:2: 774 daAuts
     D:5: 205 daAuts
